 Dungeon Crawl Stone Soup version 0.31.0-12-g77e489cdc1 (webtiles) character file.

Game seed: 15020073582664854035

1053 hawla the Nimble (level 8, -6/44 HPs)
             Began as a Deep Elf Fire Elementalist on Feb 19, 2024.
             Was an Initiate of Vehumet.
             Shot with an arrow by a centaur (13 damage)
             ... on level 5 of the Dungeon.
             The game lasted 00:10:18 (4442 turns).

hawla the Nimble (Deep Elf Fire Elementalist)       Turns: 4442, Time: 00:10:19

Health: -6/44      AC:  5    Str:  5    XL:     8   Next: 5%
Magic:  1/16       EV: 15    Int: 23    God:    Vehumet [......]
Gold:   183        SH:  4    Dex: 15    Spells: 8/15 levels left

rFire   . . .        (no weapon)
rCold   . . .        r - +0 buckler
rNeg    . . .        a - +1 robe
rPois   .            k - +0 helmet
rElec   .            (no cloak)
rCorr   .            h - +0 pair of gloves
SInv    .            (no boots)
Will    .....        (no amulet)
Stlth   ++           (no ring)
HPRegen 0.27/turn    (no ring)
MPRegen 0.15/turn

%: no passive effects
@: lethally poisoned (-6 -> -25)
A: no striking features
a: Renounce Religion


You were on level 5 of the Dungeon.
You worshipped Vehumet.
Vehumet was noncommittal.
You visited 2 branches of the dungeon, and saw 8 of its levels.

You collected 183 gold pieces.

Inventory:

Armour
 a - a +1 robe (worn)
 h - a +0 pair of gloves (worn)
 k - a +0 helmet (worn)
 r - a +0 buckler (worn)
Jewellery
 e - a +5 ring of evasion
 j - a +6 ring of strength
 q - a +4 ring of protection
Wands
 s - a wand of light (9)
Scrolls
 m - a scroll of revelation
 n - 4 scrolls of enchant weapon
Potions
 b - a potion of magic
 d - 2 potions of lignification
 g - 3 potions of curing {unknown}
 i - 2 potions of berserk rage {unknown}
 l - 2 potions of heal wounds {unknown}
 o - 2 potions of resistance {unknown}


   Skills:
 - Level 2.0 Fighting
 + Level 8.5 Dodging
 - Level 3.0 Stealth
 - Level 4.0 Spellcasting
 - Level 3.0 Conjurations
 - Level 6.0 Fire Magic


You had 8 spell levels left.
You knew the following spells:

 Your Spells              Type           Power      Damage    Failure   Level
a - Foxfire               Conj/Fire      100%       2x1d9     3%          1
b - Scorch                Fire           64%        2d7       2%          2
c - Flame Wave            Conj/Fire      25%        2d8       30%         4

Your spell library contained the following spells:

 Spells                   Type           Power      Damage    Failure   Level
 Kiss of Death            Conj/Necr      44%        2d8       11%         1
 Inner Flame              Hex/Fire       18%        N/A       17%         3
 Volatile Blastmotes      Fire/Tloc      36%        2d13      17%         3
 Hailstorm                Conj/Ice       11%        3d6       32%         3
 Confusing Touch          Hex            4%         N/A       52%         3
 Summon Ice Beast         Ice/Summ       4%         N/A       52%         3
 Dispel Undead            Necr           4%         3d7       89%         4
 Sculpt Simulacrum        Ice/Alch       2%         N/A       100%        6


Dungeon Overview and Level Annotations

Branches:
Dungeon (7/15)             Temple (1/1) D:6

Altars:
Ashenzari
Gozag
Makhleb
Nemelex Xobeh
Ru
Sif Muna
Uskayaw
Vehumet
Wu Jian
Xom
Yredelemnul
Zin


Message History

As you read the scroll of poison, it crumbles to dust.
The kobold brigand throws a poisoned dart.
The poisoned dart misses you.
The kobold brigand throws a poisoned dart.
The poisoned dart misses you.
Casting: Foxfire (safe; 3% risk of failure)
Confirm with . or Enter, or press ? or * to list all spells.
You conjure some foxfire!
Casting: Foxfire (safe; 3% risk of failure)
Confirm with . or Enter, or press ? or * to list all spells.
You conjure some foxfire!
The foxfire hits the kobold brigand but does no damage.
The kobold brigand is moderately wounded.
The foxfire hits the kobold brigand.
The kobold brigand is moderately wounded.
Casting: Foxfire (safe; 3% risk of failure)
Confirm with . or Enter, or press ? or * to list all spells.
You conjure some foxfire!
The foxfire hits the kobold brigand.
The kobold brigand is moderately wounded.
The foxfire hits the kobold brigand.
The kobold brigand is heavily wounded.
A centaur comes into view. It is wielding a +0 club.
As you read the scroll of revelation, it crumbles to dust.
You feel aware of your surroundings.
You sensed 8 altars.
The foxfire hits the kobold brigand!
The kobold brigand is severely wounded.
The foxfire hits the kobold brigand.
The kobold brigand is almost dead.
The centaur unwields a +0 club.
The centaur wields a +0 orcbow.
The centaur shoots an arrow.
The arrow completely misses you.
The kobold shouts!
The kobold brigand hits you with a +0 dagger of venom.
You are poisoned.
You feel very sick.
The kobold brigand attacks as it pursues you!
The kobold brigand hits you with a +0 dagger of venom!
* * * LOW HITPOINT WARNING * * *
You are more poisoned.
The centaur shoots an arrow.
The arrow hits you!
You die...

..#......####[........#...,,,,,,<
....##......#........###..,,,,,,,
[..............K..######..,,,,,,,
..<.............)########.,,*,,,,
...#...........°)...#####.,,,,,**
..###........°..°....###..*,,,,,*
..#.........°°...).....c.c*,,,,,,
.......##........K[..##...,,*****
.#...###........@.°..###..,,+~~~~
.##....#....#........###..,,*****
.###.....###.........##...,,,,,,,
.# ###...###.........##...,,,,,*,
.##**#....##.##.........##,,,,,**
..#.###......##...°.......,,,,***
.........#.#.###..........,,,,,,,
.###...#####.#*.........,,,,,,,,,
......#* *..*,,,,,,,,,,,,,,,,**


You could see a kobold brigand, a centaur and a kobold.

Vanquished Creatures
  A wyvern (D:4)
  An ogre (D:4)
  3 black bears
  A kobold brigand (D:5)
  A bullfrog (D:7)
  A howler monkey (D:7)
  2 jellies (D:5)
  A hound (D:4)
  2 sleepcaps
  Jessica (D:2)
  2 iguanas
  Robin (D:2)
  A gnoll (D:1)
  4 adders
  A white imp (D:5)
  2 dart slugs
  A ribbon worm (D:4)
  2 orcs (D:5)
  4 bats
  3 endoplasms
  3 giant cockroaches
  18 goblins
  9 hobgoblins
  4 jackals
  11 kobolds
  3 quokkas (D:1)
  4 ball pythons
  2 frilled lizards
  2 rats
91 creatures vanquished.

Vanquished Creatures (collateral kills)
  4 foxfires (D:2)
4 creatures vanquished.

Vanquished Creatures (others)
  234 foxfires
234 creatures vanquished.

Grand Total: 329 creatures vanquished

Notes
Turn   | Place    | Note
-------+----------+-------------------------------------------
     0 | D:1      | hawla the Deep Elf Fire Elementalist began the quest for
                  | the Orb.
     0 | D:1      | Reached XP level 1. HP: 10/10 MP: 6/6
    95 | D:1      | Reached skill level 1 in Fighting
   211 | D:1      | Reached XP level 2. HP: 17/17 MP: 4/8
   561 | D:1      | Reached XP level 3. HP: 21/21 MP: 7/9
   597 | D:1      | Found a faded altar of an unknown god.
   998 | D:2      | Noticed Robin
  1110 | D:2      | Learned a level 2 spell: Scorch
  1226 | D:2      | Reached XP level 4. HP: 22/26 MP: 7/10
  1275 | D:2      | Noticed Jessica
  1280 | D:2      | Killed Jessica
  1542 | D:2      | Killed Robin
  2645 | D:4      | Reached XP level 5. HP: 30/30 MP: 9/13
  2713 | D:4      | Found a basalt altar of Yredelemnul.
  2874 | D:4      | Noticed a wyvern
  2882 | D:4      | Killed a wyvern
  2883 | D:4      | Reached skill level 5 in Fire Magic
  2883 | D:4      | Reached XP level 6. HP: 17/35 MP: 0/14
  3006 | D:4      | Reached skill level 3 in Dodging
  3150 | D:4      | Reached skill level 4 in Dodging
  3339 | D:4      | You fall into a shaft and drop 3 floors!
  3373 | D:7      | Reached skill level 5 in Dodging
  3373 | D:7      | Reached XP level 7. HP: 34/40 MP: 8/15
  3583 | D:7      | Found a sacrificial altar of Ru.
  3591 | D:7      | Reached skill level 6 in Dodging
  3694 | D:6      | Found a staircase to the Ecumenical Temple.
  3703 | Temple   | Entered the Ecumenical Temple
  3723 | Temple   | Became a worshipper of Vehumet
  3750 | D:5      | Entered Level 5 of the Dungeon
  3796 | D:5      | Reached skill level 7 in Dodging
  4169 | D:4      | Found a glowing silver altar of Zin.
  4195 | D:4      | Found an opulent altar of Gozag.
  4323 | D:5      | Identified the +1 ring mail "Litzuext" {rF+ Dex+4}
  4360 | D:5      | Reached skill level 8 in Dodging
  4366 | D:5      | Learned a level 4 spell: Flame Wave
  4374 | D:5      | Reached XP level 8. HP: 6/44 MP: 1/16
  4442 | D:5      | Shot with an arrow by a centaur

Illustrated notes

Levels and vault maps discovered:
D:1:      saegor_arrival_simple_e, layout_basic, ebering_ecumenical_altar_webs,
          serial_park_tiny_pond, hex_tiny, chequers_serial_rivers_micro_d,
          grunt_decor_arrowhead
D:2:      layout_basic, serial_bayou, serial_bayou_pond_e, serial_bayou_ford_a,
          serial_bayou_crossing, serial_bayou_pond_a, serial_bayou_lagoon_a,
          serial_bayou_pond_d, minmay_misc_feat_tiny, st_stairs_11, uniq_robin,
          uniq_jessica
D:3:      layout_loops_ring
D:4:      layout_loops_cross, pdpol_temple_overflow_zin_treasury_gozag_greed,
          lemuel_crystal_altar
D:5:      cheibrodos_fertilizer, layout_cave_pools, minitemple,
          ebering_ghost_sewer_d
D:6:      layout_loops_ring, nicolae_hepliaklqana_hazy_memory,
          minmay_temple_entry_statues_pillars
D:7:      nicolae_cairo_tiling, layout_basic, nicolae_ru_sacrificial_ziggurat,
          fedhas_altar_fruit_tree, st_stairs_8
Temple:   hellmonk_temple_of_storms

Skill      XL: |  1  2  3  4  5  6  7 |
---------------+----------------------+-----
Fighting       | 1 2 |  2.0
Stealth        | 3 |  3.0
Conjurations   | 2 3 |  3.0
Spellcasting   | 4 |  4.0
Fire Magic     | 5 6 |  6.0
Dodging        | 5 8 |  8.5

Action                     |  1- 3 |  4- 6 |  7- 9 || total
---------------------------+-------+-------+-------++-------
  Melee: Unarmed           |    14 |       |     2 ||    16
   Cast: Foxfire           |    56 |    46 |    33 ||   135
         Scorch            |     1 |    21 |    18 ||    40
  Evoke: Wand              |       |       |     1 ||     1
    Use: Scroll            |     3 |     1 |     6 ||    10
         Potion            |     1 |       |     2 ||     3
 Armour: Robe              |    31 |    11 |    12 ||    54
         Skin              |       |       |    13 ||    13
  Dodge: Dodged            |    42 |     5 |    10 ||    57
  Block: Buckler           |       |       |     1 ||     1
